 Dungeon Crawl Stone Soup version 0.24-a0-243-g8f5f5cd (webtiles) character file.

Game seed: 4972041011223214557

163 ohad the Changer (level 5, -16/33 HPs)
             Began as an Octopode Transmuter on Apr 9, 2019.
             Demolished by an ogre
             ... wielding a +0 giant spiked club
              (28 damage)
             ... on level 5 of the Dungeon.
             The game lasted 00:06:02 (2664 turns).

ohad the Changer (Octopode Transmuter)              Turns: 2664, Time: 00:06:03

Health: -16/33     AC:  2    Str: 10    XL:     5   Next: 44%
Magic:  0/8        EV: 19    Int: 16    God:
Gold:   132        SH:  0    Dex: 17    Spells: 2/8 levels left

rFire    . . .     SeeInvis .     - Unarmed
rCold    . . .     Gourm    .   (shield currently unavailable)
rNeg     . . .     Faith    .   (helmet currently unavailable)
rPois    x         Spirit   .   (no amulet)
rElec    .         Reflect  .   (no ring)
rCorr    .         Harm     .   (no ring)
MR       .....                  (no ring)
Stlth    ++........             (no ring)
HPRegen  0.11/turn              (no ring)
MPRegen  0.11/turn              (no ring)
                                (no ring)
                                (no ring)

@: spider-form
A: tiny, almost no armour, stealthy swim, (amphibious), 8 rings, (constrict 8)
a: End Transformation


You were on level 5 of the Dungeon.
You were not hungry.
You were a venomous arachnid creature.
You visited 1 branch of the dungeon, and saw 4 of its levels.

You collected 132 gold pieces.

Inventory:

Hand Weapons
 k - a +0 dagger of draining
Missiles
 a - 55 arrows
 h - 8 javelins of penetration (quivered)
Scrolls
 e - 2 scrolls of immolation
 l - a scroll of noise
 m - a scroll of remove curse
Potions
 b - a potion of brilliance {unknown}
 f - a potion of heal wounds {unknown}
 g - a potion of invisibility {unknown}
 i - 3 potions of curing {unknown}
Comestibles
 c - 3 rations


   Skills:
 - Level 1.0 Fighting
 - Level 2.0 Dodging
 - Level 3.0 Unarmed Combat
 - Level 2.0 Spellcasting
 + Level 5.5 Transmutations


You had 2 spell levels left.
You knew the following spells:

 Your Spells              Type           Power        Failure   Level  Hunger
a - Beastly Appendage     Tmut           ###...       9%          1    #......
b - Sticks to Snakes      Tmut           ###.....     11%         2    ###....
c - Spider Form           Tmut/Pois      ##........   41%         3    ###....

Your spell library contained the following spells:

 Spells                   Type           Power        Failure   Level  Hunger
 Blade Hands              Tmut           ###.......   73%         5    ######.
 Ice Form                 Ice/Tmut       ##......     75%         4    #####..


Dungeon Overview and Level Annotations

Branches:
Dungeon (3/15)

Altars:
Cheibriados


Innate Abilities, Weirdness & Mutations

You cannot wear most types of armour.
You are very stealthy in the water. (Stealth+)
((You are amphibious.))
You can wear up to eight rings at the same time.
((You can use your tentacles to constrict eight enemies at once.))
((Your skin changes colour to match your surroundings (Stealth+).))
((Your rubbery body absorbs attacks. (AC +1, EV +1)))


Message History

The ogre hits your adder with a +0 giant spiked club!
Your adder dies!
Your adder bites the ogre.
Your adder bites the ogre.
Your adder bites the ogre but does no damage.
Your adder bites the ogre.
The ogre is poisoned.
Your adder poisons the ogre!
Found a runed war axe.
Your adder bites the ogre.
Casting: Sticks to Snakes (safe; 3% risk of failure)
Confirm with . or Enter, or press ? or * to list all spells.
You turn into a venomous arachnid creature.
The ogre hits you with a +0 giant spiked club!!
Ouch! That really hurt!
Your adder bites the ogre.
You hit the ogre but do no damage.
The ogre looks even sicker.
The ogre is severely wounded.
Your adder bites the ogre.
The ogre hits you with a +0 giant spiked club!!
Ouch! That really hurt!
You die...

#..............
#.#.............
.......)........
#...............
#...............
..#.............##
.................#
...# #...............#
...# ###....sOS......#
#..# ##............#
#..# #.............#
#..## #.%...........#
##...#
#.##......†...###.....
#..
##.................
#.. #.......)....###..
# ###...###.######..
#######.# #...


You could see an ogre and a friendly adder.

Vanquished Creatures
  A howler monkey (D:5)
  An iguana (D:5)
  3 adders
  A worm (D:2)
  3 dart slugs
  3 leopard geckos
  5 orcs
  A ball python (D:2)
  2 goblins (D:2)
  9 hobgoblins
  4 jackals (D:1)
  2 quokkas
  7 bats
  2 frilled lizards
  6 kobolds
  4 rats
54 creatures vanquished.

Vanquished Creatures (collateral kills)
  A worker ant (D:5)
1 creature vanquished.

Grand Total: 55 creatures vanquished

Notes
Turn   | Place    | Note
-------+----------+-------------------------------------------
     0 | D:1      | ohad the Octopode Transmuter began the quest for the Orb.
     0 | D:1      | Reached XP level 1. HP: 13/13 MP: 3/3
   395 | D:1      | Reached XP level 2. HP: 16/18 MP: 3/5
   552 | D:1      | Reached skill level 3 in Transmutations
  1073 | D:1      | Learned a level 2 spell: Sticks to Snakes
  1076 | D:2      | Reached XP level 3. HP: 23/23 MP: 6/6
  1081 | D:2      | Learned a level 3 spell: Spider Form
  1254 | D:2      | HP: 1/23 [poisoned by an adder]
  1614 | D:2      | Reached skill level 4 in Transmutations
  1669 | D:2      | Reached XP level 4. HP: 16/28 MP: 1/7
  1925 | D:2      | Found a snail-covered altar of Cheibriados.
  2250 | D:3      | You fall through a shaft for 2 floors!
  2250 | D:5      | Entered Level 5 of the Dungeon
  2252 | D:5      | Noticed an ogre
  2270 | D:5      | Noticed a phantom
  2397 | D:5      | Reached skill level 5 in Transmutations
  2397 | D:5      | Reached XP level 5. HP: 12/33 MP: 4/8
  2664 | D:5      | Demolished by an ogre

Levels and vault maps discovered:
D:1:      wander_arrival_chamber, layout_loops_corners, minmay_door_square
D:2:      layout_basic, kennysheep_slug_shrine, first_ration,
          minmay_misc_feat_diagonals
D:3:      layout_rooms
D:5:      layout_layer_cave, old_standard_altar

Skill      XL: |  1  2  3  4 |
---------------+-------------+-----
Transmutations | 3 4 5 |  5.5
Fighting       | |  1.0
Dodging        | |  2.0
Unarmed Combat | |  3.0
Spellcasting   | |  2.0

Action                   |  1- 3 |  4- 6 || total
-------------------------+-------+-------++-------
Melee: Unarmed           |    71 |    55 ||   126
       Constrict         |    19 |     4 ||    23
       Tentacles         |    12 |     2 ||    14
       Kick              |    10 |     1 ||    11
 Cast: Beastly Appendage |     7 |     1 ||     8
       Sticks to Snakes  |     2 |     2 ||     4
       Spider Form       |     1 |     9 ||    10
  Use: Scroll            |       |     3 ||     3
 Stab: Sleeping          |     3 |     2 ||     5
  Eat: Chunk             |     3 |     4 ||     7
Armor: Skin              |     2 |     6 ||     8
Dodge: Dodged            |    51 |    41 ||    92

Table legend:
 A = Non-vault XP
 B = Vault XP
 C = Vault XP percentage of total XP
 D = Non-vault monster count
 E = Vault monster count
 F = Vault count percentage of total count
                 A         B        C        D         E       F
            +---------+---------+-------+---------+---------+-------
      Total |     230 |       4 |   1.7 |      54 |       1 |   1.8
            +---------+---------+-------+---------+---------+-------
        D:1 |      33 |       0 |   0.0 |      18 |       0 |   0.0
        D:2 |      67 |       4 |   5.6 |      24 |       1 |   4.0
        D:3 |      14 |       0 |   0.0 |       5 |       0 |   0.0
        D:5 |     116 |       0 |   0.0 |       7 |       0 |   0.0
            +---------+---------+-------+---------+---------+-------
